Cogmind - Beta 13 *** ADVENTURER MODE // 2024.05.19 @ 17:46:36 Player: Catalyst Result: Destroyed by G-67 Veteran with Field Laser Performance ------------- Evolutions (7) 3500 Regions Visited (21) 4200 Robots Destroyed (124) 620 Value Destroyed (3836) 3836 Prototype IDs (43) 860 Alien Tech Used (0) 0 Bonus (1691) 1691 TOTAL SCORE: 14707 Bonus ------- High Alert Combat Kills 490 Follower Combat Kills 101 Entered DSFs 500 Aligned with FarCom 300 Met Data Miner 300 Cogmind --------- Core Integrity 0/1300 Matter 136/300 Energy 98/100 System Corruption 5% Temperature Cool (9) Movement Core (50) Location -3/Armory Parts ------- > --- POWER (3) -------- (None) > --- PROPULSION (7) --- (None) > --- UTILITY (7) ------ (None) > --- WEAPON (4) ------- (None) > --- INVENTORY (5) ---- Experimental Power Amplifier Arc Projector Dispersion Rifle Shock Bomb Launcher Peak State ------------ > --- POWER ------------ Light Deuterium Engine Light Fission Core > --- PROPULSION ------- Improved Flight Unit Improved Flight Unit Xenon Bombardment Thruster Xenon Bombardment Thruster Improved Cesium-ion Thruster Improved Cesium-ion Thruster > --- UTILITY ---------- Improved Heat Sink Lightpack 2.0 High-capacity Matter Pod > --- WEAPON ----------- Rocket Array Makeshift Axe > --- INVENTORY -------- Light Ion Engine Improved Medium Treads Improved Aluminum Leg Carbon-fiber Leg Wheel Armored Huge Wheel Xenon Bombardment Thruster Improved Cooling System High-capacity Storage Unit Advanced Weight Redist. System Trap Scanner Improved Sensor Array Experimental Sensor Array Improved Terrain Scan Processor Reaction Control System Reaction Control System Improved Reaction Control System Phase Shifter Power Shielding Improved Power Shielding Propulsion Shielding Improved Utility Shielding Hardened Light Armor Plating Hardened Medium Armor Plating Improved Light Armor Plating Improved Medium Armor Plating Makeshift Light Armor Plating Force Field Drone Bay Heavy Laser Heavy Particle Cannon Precision Assault Rifle Magnetic Acceleration Cannon Shock Bomb Launcher Shock Bomb Launcher Rocket Array Powered Hammer Makeshift Sword Spear [Rating: 89] Favorites ----------- Power Reinforced Ion Engine Engine Reinforced Ion Engine Power Core Light Fission Core Propulsion Improved Flight Unit Treads Improved Medium Treads Leg Aluminum Leg Wheel Armored Wheel Hover Unit Linear Gravjet Flight Unit Improved Flight Unit Utility Medium Storage Unit Device Cryofiber Web Storage Medium Storage Unit Processor Targeting Computer Protection Hardened Light Armor Plating Weapon Heavy Assault Rifle Energy Gun Gatling Laser Energy Cannon Advanced Beam Cannon Ballistic Gun Heavy Assault Rifle Ballistic Cannon Improved Light Cannon Launcher Rocket Launcher Slashing Weapon Great Axe Piercing Weapon Spear Build | -11 -10 -10 -9 -9 -9 -8 -8 -7 -7 -7 -7 -6 -6 -6 -5 -5 -5 -4 -4 -3 -3 ------- Run | Yrd Mat Min Mat Min Exi Min Mat Fac Low Low Dat Pro Fac Ext Fac Upp Upp Fac DSF Res Arm Slots Evolved 14 | . . . 2 . . . 2 2 . . . . 2 . 2 . . 2 . 2 . Power 2 | . . . . . . . . . . . . . 1 . . . . 1 . . . Propulsion 5 | . . . 2 . . . . 1 . . . . 1 . . . . 1 . . . Utility 5 | . . . . . . . 2 1 . . . . . . . . . . . 2 . Weapon 2 | . . . . . . . . . . . . . . . 2 . . . . . . Parts Attached 129 | 6 8 . 16 8 . 1 5 16 . . . 17 15 9 10 . . . 9 5 4 Power 13 | 1 1 . 2 2 . . . . . . . 2 4 . 1 . . . . . . Engine 11 | 1 1 . 2 2 . . . . . . . 1 4 . . . . . . . . Core 2 | . . . . . . . . . . . . 1 . . 1 . . . . . . Reactor . | . . . . . . . . . . . . . . . . . . . . . . Propulsion 51 | 2 3 . 5 4 . . . 7 . . . 4 4 4 5 . . . 9 1 3 Treads 1 | . . . . . . . . . . . . . 1 . . . . . . . . Leg 2 | . . . 1 1 . . . . . . . . . . . . . . . . . Wheel 12 | 2 3 . . 3 . . . 1 . . . 2 . . 1 . . . . . . Hover 6 | . . . . . . . . . . . . . . . 2 . . . 4 . . Flight 30 | . . . 4 . . . . 6 . . . 2 3 4 2 . . . 5 1 3 Utility 23 | 1 2 . 2 . . . 4 5 . . . 2 2 . 2 . . . . 2 1 Device 8 | . 1 . . . . . 1 3 . . . . 1 . . . . . . 1 1 Storage 7 | 1 1 . . . . . 1 1 . . . 2 . . 1 . . . . . . Processor 5 | . . . . . . . 1 1 . . . . 1 . 1 . . . . 1 . Hackware . | . . . . . . . . . . . . . . . . . . . . . . Protection 3 | . . . 2 . . . 1 . . . . . . . . . . . . . . Artifact . | . . . . . . . . . . . . . . . . . . . . . . Weapon 42 | 2 2 . 7 2 . 1 1 4 . . . 9 5 5 2 . . . . 2 . Energy Gun 8 | 1 . . 2 . . . . . . . . 2 . . 2 . . . . 1 . Energy Cannon 3 | . . . 1 1 . . 1 . . . . . . . . . . . . . . Ballistic Gun 6 | 1 . . 2 . . 1 . 1 . . . 1 . . . . . . . . . Ballistic Cannon 6 | . 2 . 1 . . . . . . . . 2 1 . . . . . . . . Launcher 15 | . . . 1 1 . . . 2 . . . 4 3 4 . . . . . . . Special Weapon . | . . . . . . . . . . . . . . . . . . . . . . Impact Weapon . | . . . . . . . . . . . . . . . . . . . . . . Slashing Weapon 3 | . . . . . . . . . . . . . 1 1 . . . . . 1 . Piercing Weapon 1 | . . . . . . . . 1 . . . . . . . . . . . . . Special Melee Weapon . | . . . . . . . . . . . . . . . . . . . . . . Unidentified Prototypes 10 | . . . 4 . . . . 2 . . . . 2 . . . . . . 2 . Parts Lost 44 | . . 1 2 2 . . . . . . . 10 3 11 . 2 3 . 1 1 8 Power 3 | . . . . . . . . . . . . 1 1 1 . . . . . . . Propulsion 30 | . . . 1 2 . . . . . . . 3 . 9 . 2 3 . 1 1 8 Utility 4 | . . 1 . . . . . . . . . 1 1 1 . . . . . . . Weapon 7 | . . . 1 . . . . . . . . 5 1 . . . . . . . . Highest Loss Streak 6 | . . 1 1 1 . . . . . . . 4 1 6 . 2 3 . 4 1 5 To Critical Strikes . | . . . . . . . . . . . . . . . . . . . . . . Average Slot Usage (%) 79 | . 98 100 97 99 100 100 98 84 84 84 84 77 81 39 26 38 26 . 10 27 20 Engine 7 | . 14 14 11 10 11 11 9 7 7 7 7 4 3 . . . . . . . . Leg 1 | . . . 2 5 . . . . . . . . . . . . . . . . . Wheel 11 | . 28 28 22 15 22 22 18 5 . . . 5 . . . 5 4 . . . . Flight 19 | . . . 18 22 22 22 18 29 38 38 38 28 38 17 8 9 4 . 3 21 12 Device 4 | . 12 14 . . . . 4 12 15 15 15 2 2 . . . . . . . . Storage 10 | . 14 14 11 11 11 11 9 7 7 7 7 19 14 7 3 5 4 . . . . Processor 1 | . . . . . . . 7 2 . . . . 1 3 3 5 5 . 2 1 3 Protection 3 | . . . 10 11 11 11 12 2 . . . . . . . . . . . . . Energy Gun 1 | . 4 . 4 . . . . . . . . 2 1 . . . . . . . . Energy Cannon 3 | . . . 5 11 11 11 9 3 . . . . . . . . . . . . . Ballistic Gun 4 | . 4 . 8 11 11 11 9 6 . . . 2 1 . . . . . . . . Ballistic Cannon 3 | . 18 28 2 . . . . . . . . 3 1 2 . . . . . . . Launcher 1 | . . . . . . . . 1 15 15 15 5 3 . . . . . . . . Naked Turns 177 | . . . . . . . . . . . . . . 93 53 . . . 12 . 19 Heaviest Build 69 | 11 24 24 32 32 32 33 68 69 25 25 25 29 34 27 10 10 10 . . 4 12 Greatest Support 45 | 26 32 24 24 24 20 20 20 28 27 27 27 30 34 34 12 18 10 3 44 30 45 Greatest Overweight (x) 4 | . . . 1 3 1 1 3 4 . . . 2 . 1 . 1 3 . . 1 3 Average Overweight (x) . | . . . . 2 1 1 2 . . . . . . . . . . . . . . Largest Inventory Capacity 40 | 8 10 10 10 10 10 10 20 40 40 40 40 40 40 40 10 10 10 5 5 5 5 Average Capacity 19 | 7 9 10 10 10 10 10 15 32 40 40 40 40 40 24 8 10 9 5 5 5 5 Most Carried 40 | 2 10 10 10 10 10 10 15 32 35 40 40 40 40 39 8 8 8 5 5 5 4 Average Carried 17 | . 8 9 9 10 9 10 12 22 33 38 40 36 39 22 6 8 7 5 5 3 4 Final Capacity 40 | 8 10 10 10 10 10 10 20 40 40 40 40 40 40 5 10 10 5 5 5 5 5 Final Carried 40 | 2 10 10 10 10 10 10 15 32 35 40 40 39 39 3 8 8 5 5 5 4 4 Class Distribution -------------------- 67% | Mutant 17% | Hauler-Sprinter 14% | Hauler-Mutant Dominant Class ---------------- Mutant | -10/Materials Mutant | -10/Mines Mutant | -9/Materials Mutant | -9/Mines Mutant | -9/Exiles Mutant | -8/Mines Mutant | -8/Materials Hauler-Sprinter | -7/Factory Hauler-Sprinter | -7/Lower Caves Hauler-Sprinter | -7/Lower Caves Hauler-Sprinter | -7/Data Miner Hauler-Mutant | -6/Proximity Caves Hauler-Sprinter | -6/Factory Mutant | -6/Extension Mutant | -5/Factory Mutant | -5/Upper Caves Mutant | -5/Upper Caves Mutant | -4/Factory Mutant | -4/DSF Mutant | -3/Research Mutant | -3/Armory Resources | -11 -10 -10 -9 -9 -9 -8 -8 -7 -7 -7 -7 -6 -6 -6 -5 -5 -5 -4 -4 -3 -3 ----------- Run | Yrd Mat Min Mat Min Exi Min Mat Fac Low Low Dat Pro Fac Ext Fac Upp Upp Fac DSF Res Arm Matter Collected 2511 | 140 263 34 567 88 . 62 110 212 18 133 . 637 119 57 55 16 . . . . . Remotely . | . . . . . . . . . . . . . . . . . . . . . . Salvage Created 3316 | . 194 20 819 225 . 45 367 249 . . . 662 405 330 . . . . . . . Parts 188 | . 20 2 56 14 . 3 18 18 . . . 28 15 14 . . . . . . . Haulers Intercepted 7 | . 2 . 3 . . . . 2 . . . . . . . . . . . . . Recyclers Shooed 1 | . . . . . . . . 1 . . . . . . . . . . . . . Parts Field Recycled . | . . . . . . . . . . . . . . . . . . . . . . Retrieved Matter . | . . . . . . . . . . . . . . . . . . . . . . Parts Self-Destructed 17 | . . . . . . . . . . 3 . 14 . . . . . . . . . Prevented 11 | . . . . . . . . . . 1 . 10 . . . . . . . . . Kills | -11 -10 -10 -9 -9 -9 -8 -8 -7 -7 -7 -7 -6 -6 -6 -5 -5 -5 -4 -4 -3 -3 ------- Run | Yrd Mat Min Mat Min Exi Min Mat Fac Low Low Dat Pro Fac Ext Fac Upp Upp Fac DSF Res Arm Combat Hostiles Destroyed 109 | . 10 3 20 9 . 1 9 8 . . . 25 15 9 . . . . . . . Melee 3 | . . . . . . . . 1 . . . . 2 . . . . . . . . Guns 22 | . . . 11 4 . . 6 . . . . 1 . . . . . . . . . Cannons 35 | . 10 3 7 4 . 1 3 . . . . 2 . 5 . . . . . . . AOE 47 | . . . 2 . . . . 7 . . . 21 13 4 . . . . . . . Classes Destroyed 17 | . 3 . 4 2 . 1 . . . . . 3 4 . . . . . . . . Worker 3 | . . . 1 1 . . . 1 . . . . . . . . . . . . . Builder 2 | . . . 1 . . . . 1 . . . . . . . . . . . . . Tunneler 1 | . . . . . . . . . . . . . 1 . . . . . . . . Hauler 7 | . 2 . 3 . . . . 2 . . . . . . . . . . . . . Recycler 2 | . . . . . . . . . . . . . 1 1 . . . . . . . Minesweeper 1 | . . . . . . . . . . . . 1 . . . . . . . . . Drone 1 | . . . . . . . . . . . . 1 . . . . . . . . . Swarmer 46 | . 6 3 7 4 . . 3 4 . . . 9 6 4 . . . . . . . Cutter 2 | . . . . . . . . . . . . . 2 . . . . . . . . Grunt 35 | . 4 . 9 2 . . 2 3 . . . 8 4 3 . . . . . . . Brawler 4 | . . . 1 1 . . . . . . . 2 . . . . . . . . . Duelist 2 | . . . . . . . . . . . . 2 . . . . . . . . . Sentry 11 | . . . 3 . . . 3 1 . . . 2 . 2 . . . . . . . Demolisher 1 | . . . . 1 . . . . . . . . . . . . . . . . . Hunter 5 | . . . . . . 1 1 . . . . 1 2 . . . . . . . . Programmer 1 | . . . . . . . . . . . . . 1 . . . . . . . . Assembled 1 | . . . . 1 . . . . . . . . . . . . . . . . . Best Kill Streak 9 | . 3 3 7 4 . 1 8 7 . . . 7 9 5 . . . . . . . Combat Bots Only 9 | . 3 3 5 4 . 1 8 7 . . . 7 9 5 . . . . . . . Max Kills in Single Turn 4 | . 1 1 2 2 . 1 1 3 . . . 2 4 2 . . . . . . . Gunslinging . | . . . . . . . . . . . . . . . . . . . . . . Exploded 3 | . . . 1 . . . . 3 . . . 2 3 2 . . . . . . . Melee 1 | . . . . . . . . 1 . . . . 1 . . . . . . . . Uniques/NPCs Destroyed . | . . . . . . . . . . . . . . . . . . . . . . Combat | -11 -10 -10 -9 -9 -9 -8 -8 -7 -7 -7 -7 -6 -6 -6 -5 -5 -5 -4 -4 -3 -3 -------- Run | Yrd Mat Min Mat Min Exi Min Mat Fac Low Low Dat Pro Fac Ext Fac Upp Upp Fac DSF Res Arm Hostile Shots Fired 964 | . 38 13 71 22 . 6 31 85 . 37 . 115 51 228 6 19 36 . 22 6 178 Missed 420 | . 8 1 32 6 . 1 8 45 . 27 . 42 29 105 3 10 10 . 6 4 83 Damage Taken 7353 | . 225 79 438 191 . 58 228 322 . 92 . 1045 382 1238 360 124 304 . 426 40 1801 Core 3358 | . 27 20 49 . . 24 27 105 . . . 185 108 694 274 53 200 . 285 20 1287 Absorbed by Shields . | . . . . . . . . . . . . . . . . . . . . . . Ignored by Resistances 2110 | . 73 27 130 58 . 18 68 102 . 27 . 295 110 359 95 36 90 . 116 10 496 Core Remaining (%) 67 | 100 . 81 . . . 81 95 . . . . 58 . 5 . . 47 . 75 . . Volleys Fired 179 | . 20 4 50 15 . 4 16 11 . . . 38 8 12 1 . . . . . . Largest 2 | . 2 2 2 2 . 2 2 2 . . . 2 2 1 2 . . . . . . Hottest 110 | . 78 78 95 91 . 91 103 66 . . . 108 90 53 110 . . . . . . Shots Fired 311 | . 40 8 100 30 . 8 25 16 . . . 61 9 12 2 . . . . . . Gun 117 | . . . 73 15 . 4 15 6 . . . 2 . . 2 . . . . . . Cannon 116 | . 40 8 24 14 . 4 10 . . . . 11 . 5 . . . . . . . Launcher 78 | . . . 3 1 . . . 10 . . . 48 9 7 . . . . . . . Special . | . . . . . . . . . . . . . . . . . . . . . . Kinetic 152 | . 40 8 47 15 . 4 15 6 . . . 12 . 5 . . . . . . . Thermal 79 | . . . 50 14 . 4 10 . . . . 1 . . . . . . . . . Explosive 58 | . . . 3 1 . . . 10 . . . 32 9 3 . . . . . . . Electromagnetic 22 | . . . . . . . . . . . . 16 . 4 2 . . . . . . Robot Hit Streak 33 | . 9 3 33 10 . 10 14 12 . . . 16 7 7 2 . . . . . . Robot Miss Streak 6 | . 2 2 2 2 . 1 1 1 . . . 6 2 1 . . . . . . . Penetration Max 1 | . . . . . . . 1 1 . . . . . . . . . . . . . Secondary Targets . | . . . . . . . . . . . . . . . . . . . . . . Shots Hit Robots 247 | . 27 5 78 20 . 6 21 25 . . . 44 9 10 2 . . . . . . Core Hits 268 | . 13 3 33 13 . 2 13 22 . . . 90 45 34 . . . . . . . Critical Kills 2 | . . . . 1 . . 1 . . . . . . . . . . . . . . Critical Parts Destroyed . | . . . . . . . . . . . . . . . . . . . . . . Critical Strikes 9 | . 1 . 3 1 . . 1 2 . . . . . 1 . . . . . . . Burn 3 | . . . 3 . . . . . . . . . . . . . . . . . . Meltdown 1 | . . . . 1 . . . . . . . . . . . . . . . . . Destroy 1 | . . . . . . . 1 . . . . . . . . . . . . . . Blast 2 | . 1 . . . . . . . . . . . . 1 . . . . . . . Impale 2 | . . . . . . . . 2 . . . . . . . . . . . . . Melee Attacks 19 | . . . . . . . . 12 . . . . 6 1 . . . . . . . Impact . | . . . . . . . . . . . . . . . . . . . . . . Slashing 7 | . . . . . . . . . . . . . 6 1 . . . . . . . Piercing 12 | . . . . . . . . 12 . . . . . . . . . . . . . Sneak Attacks 1 | . . . . . . . . 1 . . . . . . . . . . . . . Combat Hostiles . | . . . . . . . . . . . . . . . . . . . . . . Follow-up Attacks . | . . . . . . . . . . . . . . . . . . . . . . Damage Inflicted 11032 | . 580 100 1703 401 . 105 481 1564 . . . 3424 1704 965 5 . . . . . . Guns 1491 | . . . 914 124 . 22 252 137 . . . 37 . . 5 . . . . . . Cannons 2007 | . 580 100 408 233 . 83 229 . . . . 209 . 165 . . . . . . . Explosions 6783 | . . . 381 44 . . . 948 . . . 3178 1509 723 . . . . . . . Melee 674 | . . . . . . . . 479 . . . . 195 . . . . . . . . Ramming 77 | . . . . . . . . . . . . . . 77 . . . . . . . Kinetic 2117 | . 580 100 513 124 . 22 252 137 . . . 224 . 165 . . . . . . . Thermal 1396 | . . . 809 233 . 83 229 . . . . 42 . . . . . . . . . Explosive 6025 | . . . 381 44 . . . 948 . . . 2621 1509 522 . . . . . . . Electromagnetic 743 | . . . . . . . . . . . . 537 . 201 5 . . . . . . Impact . | . . . . . . . . . . . . . . . . . . . . . . Slashing 195 | . . . . . . . . . . . . . 195 . . . . . . . . Piercing 479 | . . . . . . . . 479 . . . . . . . . . . . . . Highest Corruption 5 | . . . . . . . . . . . . . . 2 . 1 1 . . 1 5 Average Corruption 1 | . . . . . . . . . . . . . . 1 . 1 1 . . 1 2 Corruption Purged . | . . . . . . . . . . . . . . . . . . . . . . Corruption Blocked . | . . . . . . . . . . . . . . . . . . . . . . Effects 4 | . . . . . . . . . . . . . . . . . . . . . 4 Message Errors 2 | . . . . . . . . . . . . . . . . . . . . . 2 Data Loss (minor) 1 | . . . . . . . . . . . . . . . . . . . . . 1 Data Loss (major) 1 | . . . . . . . . . . . . . . . . . . . . . 1 Overload Shots . | . . . . . . . . . . . . . . . . . . . . . . Overflow Damage 202 | . . . 20 3 . . 7 51 . . . 66 55 . . . . . . . . Projectiles 11 | . . . 1 3 . . 7 . . . . . . . . . . . . . . Explosions 141 | . . . 19 . . . . 31 . . . 66 25 . . . . . . . . Melee 50 | . . . . . . . . 20 . . . . 30 . . . . . . . . Knockbacks 10 | . 6 . . . . . . . . . . 4 . . . . . . . . . Impact . | . . . . . . . . . . . . . . . . . . . . . . Kinetic 10 | . 6 . . . . . . . . . . 4 . . . . . . . . . Secondary . | . . . . . . . . . . . . . . . . . . . . . . Self-Inflicted Damage 248 | . . . 20 14 . . . . . . . 81 64 69 . . . . . . . Shots 14 | . . . 1 1 . . . . . . . 4 6 2 . . . . . . . Rammed 23 | . . . . . . . . . . . . . . 23 . . . . . . . Targets Rammed 23 | . . . . . . . . . . . . . . 23 . . . . . . . Kicked . | . . . . . . . . . . . . . . . . . . . . . . Crushed . | . . . . . . . . . . . . . . . . . . . . . . Highest Temperature 334 | . 180 92 310 234 . 192 273 334 90 178 36 308 306 127 28 . . . . . . Average Temperature 84 | . 52 53 103 90 . 98 160 126 37 51 19 111 61 34 28 . . . . . . Received Heat Transfer 1603 | . 96 15 192 30 . . 99 87 . 60 . 267 57 534 12 . . . . . 154 Effects 6 | . . . . . . . 4 . . . . 1 1 . . . . . . . . Energy Bleed 3 | . . . . . . . 2 . . . . 1 . . . . . . . . . Interference 3 | . . . . . . . 2 . . . . . 1 . . . . . . . . Siege Activations . | . . . . . . . . . . . . . . . . . . . . . . Robots Corrupted 1 | . . . . . . . . . . . . 1 . . . . . . . . . Combat Hostiles 1 | . . . . . . . . . . . . 1 . . . . . . . . . Parts Fried 3 | . . . . . . . . . . . . 3 . . . . . . . . . Impact Corruptions . | . . . . . . . . . . . . . . . . . . . . . . Robots Melted 1 | . . . . 1 . . . . . . . . . . . . . . . . . Combat Hostiles 1 | . . . . 1 . . . . . . . . . . . . . . . . . Parts Melted 6 | . . . 4 1 . . 1 . . . . . . . . . . . . . . Heat Transferred 2838 | . . . 1850 407 . 148 333 . . . . 100 . . . . . . . . . Parts Sabotaged 1 | . . . . . . . . . . . . . . . . . . . . . 1 Parts Stolen . | . . . . . . . . . . . . . . . . . . . . . . Parts Stripped . | . . . . . . . . . . . . . . . . . . . . . . Power Chain Reactions 1 | . . . . . . . . . . . . 1 . . . . . . . . . Alert | -11 -10 -10 -9 -9 -9 -8 -8 -7 -7 -7 -7 -6 -6 -6 -5 -5 -5 -4 -4 -3 -3 ------- Run | Yrd Mat Min Mat Min Exi Min Mat Fac Low Low Dat Pro Fac Ext Fac Upp Upp Fac DSF Res Arm Peak Influence 1290 | . 242 103 463 354 . 30 311 268 . . . . 1290 874 399 . . 86 60 73 229 Initial 644 | . . 33 30 152 . . 9 120 . . . . 644 483 369 . . 86 55 29 33 Average 233 | . 68 90 265 183 . 21 181 119 . . . . 935 658 369 . . 86 54 36 81 Maximum Alert Level 4 | . 1 . 2 1 . . 1 1 . . . . 4 3 1 . . . . . 1 Low Security (%) 60 | 100 92 100 24 68 . 100 40 92 . . . . . . . . . 100 100 100 96 Level 1 25 | . 7 . 56 31 . . 60 7 . . . . . . 100 . . . . . 4 Level 2 6 | . . . 18 . . . . . . . . . 21 57 . . . . . . . Level 3 5 | . . . . . . . . . . . . . 44 42 . . . . . . . Level 4 2 | . . . . . . . . . . . . . 33 . . . . . . . . Level 5 . | . . . . . . . . . . . . . . . . . . . . . . High Security . | . . . . . . . . . . . . . . . . . . . . . . Max Security . | . . . . . . . . . . . . . . . . . . . . . . Squads Dispatched 20 | . 1 . 1 . . . . 1 . . . 1 6 3 2 . . . 1 1 3 Investigation 7 | . 1 . 1 . . . . 1 . . . . 2 . 1 . . . . . 1 Extermination 3 | . . . . . . . . . . . . . 1 . 1 . . . . 1 . Reinforcement 7 | . . . . . . . . . . . . . 1 3 . . . . 1 . 2 Assault 1 | . . . . . . . . . . . . 1 . . . . . . . . . Garrison 2 | . . . . . . . . . . . . . 2 . . . . . . . . Intercept . | . . . . . . . . . . . . . . . . . . . . . . Searches Triggered 1 | . . . . . . . . . . . . . 1 . . . . . . . . Data Miner Redirects 1 | . . . . . . . . . . . . . . . 1 . . . . . . Construction Impeded . | . . . . . . . . . . . . . . . . . . . . . . Haulers Reinforced . | . . . . . . . . . . . . . . . . . . . . . . Active Scanning Responses . | . . . . . . . . . . . . . . . . . . . . . . Cargo Convoy Interrupts . | . . . . . . . . . . . . . . . . . . . . . . Stealth | -11 -10 -10 -9 -9 -9 -8 -8 -7 -7 -7 -7 -6 -6 -6 -5 -5 -5 -4 -4 -3 -3 --------- Run | Yrd Mat Min Mat Min Exi Min Mat Fac Low Low Dat Pro Fac Ext Fac Upp Upp Fac DSF Res Arm Distress Signals 9 | . 3 . 1 . . . 1 . . . . 1 . . . . . . . . 3 Communications Jammed . | . . . . . . . . . . . . . . . . . . . . . . Distress Signals . | . . . . . . . . . . . . . . . . . . . . . . Times Spotted 240 | . 16 5 27 15 . 1 11 9 . 11 . 31 27 29 2 7 4 . 5 3 37 Peak Tracking Total 21 | . 5 3 8 13 . 1 8 7 . 8 . 5 10 15 2 6 4 . 4 2 21 Tactical Retreats 27 | . 2 . 1 1 . . . . . 3 . 2 5 6 . 2 . . 1 1 3 Traps | -11 -10 -10 -9 -9 -9 -8 -8 -7 -7 -7 -7 -6 -6 -6 -5 -5 -5 -4 -4 -3 -3 ------- Run | Yrd Mat Min Mat Min Exi Min Mat Fac Low Low Dat Pro Fac Ext Fac Upp Upp Fac DSF Res Arm Traps Triggered 6 | . 1 . 1 . . . . 2 . . . . . 1 . . . . . . 1 Indirectly . | . . . . . . . . . . . . . . . . . . . . . . Trap Hack Attempts . | . . . . . . . . . . . . . . . . . . . . . . Triggered . | . . . . . . . . . . . . . . . . . . . . . . Disarmed . | . . . . . . . . . . . . . . . . . . . . . . Reprogrammed . | . . . . . . . . . . . . . . . . . . . . . . Reused . | . . . . . . . . . . . . . . . . . . . . . . Traps Extracted . | . . . . . . . . . . . . . . . . . . . . . . Installed . | . . . . . . . . . . . . . . . . . . . . . . Triggered 2 | . . . . . . . . . . 2 . . . . . . . . . . . Machines | -11 -10 -10 -9 -9 -9 -8 -8 -7 -7 -7 -7 -6 -6 -6 -5 -5 -5 -4 -4 -3 -3 ---------- Run | Yrd Mat Min Mat Min Exi Min Mat Fac Low Low Dat Pro Fac Ext Fac Upp Upp Fac DSF Res Arm Machines Disabled 3 | . . . . 1 . . 1 . . . . . . 1 . . . . . . . Max in Single Turn 1 | . . . . 1 . . 1 . . . . . . 1 . . . . . . . Machines Repaired . | . . . . . . . . . . . . . . . . . . . . . . Machines Dismantled . | . . . . . . . . . . . . . . . . . . . . . . Machines Sabotaged . | . . . . . . . . . . . . . . . . . . . . . . Overloaded Fab Kills . | . . . . . . . . . . . . . . . . . . . . . . Hacking | -11 -10 -10 -9 -9 -9 -8 -8 -7 -7 -7 -7 -6 -6 -6 -5 -5 -5 -4 -4 -3 -3 --------- Run | Yrd Mat Min Mat Min Exi Min Mat Fac Low Low Dat Pro Fac Ext Fac Upp Upp Fac DSF Res Arm Machines Accessed 39 | . 8 1 10 . 1 . 1 4 . . 4 . 3 . 1 . . 1 . 2 3 Terminals 31 | . 8 1 9 . . . 1 3 . . . . 3 . . . . 1 . 2 3 Fabricators 2 | . . . . . . . . 1 . . . . . . 1 . . . . . . Repair Stations . | . . . . . . . . . . . . . . . . . . . . . . Recycling Units 1 | . . . 1 . . . . . . . . . . . . . . . . . . Scanalyzers . | . . . . . . . . . . . . . . . . . . . . . . Garrison Access . | . . . . . . . . . . . . . . . . . . . . . . Total Hacks 111 | . 19 2 27 . 1 . 4 8 . . 31 . 6 . 3 . . 2 . 3 5 Successful 69 | . 11 . 14 . 1 . 2 2 . . 31 . 1 . 2 . . 1 . 2 2 Failed 42 | . 8 2 13 . . . 2 6 . . . . 5 . 1 . . 1 . 1 3 Catastrophic 7 | . . 1 1 . . . . 3 . . . . 1 . . . . . . . 1 Database Lockouts . | . . . . . . . . . . . . . . . . . . . . . . Manual 63 | . 17 2 25 . 1 . 3 6 . . . . 6 . . . . . . 1 2 Terminals 73 | . 19 2 25 . . . 4 7 . . . . 6 . . . . 2 . 3 5 Fabricators 4 | . . . . . . . . 1 . . . . . . 3 . . . . . . Repair Stations . | . . . . . . . . . . . . . . . . . . . . . . Recycling Units 2 | . . . 2 . . . . . . . . . . . . . . . . . . Scanalyzers . | . . . . . . . . . . . . . . . . . . . . . . Garrison Access . | . . . . . . . . . . . . . . . . . . . . . . Terminal Hacks 54 | . 5 . 8 . 1 . 2 1 . . 31 . 1 . . . . 1 . 2 2 Record 17 | . . . 4 . . . 1 . . . 11 . . . . . . . . . 1 Part Schematic 10 | . . . . . . . . . . . 10 . . . . . . . . . . Robot Schematic 7 | . . . . . . . . . . . 7 . . . . . . . . . . Robot Analysis 2 | . . . 1 . . . . . . . . . . . . . . . . 1 . Prototype ID Bank 3 | . . . . . . . . . . . 3 . . . . . . . . . . Open DSF 2 | . . . . . . . . . . . . . . . . . . 1 . 1 . Level Access Points 1 | . . . . . . . . . . . . . . . . . . . . . 1 Branch Access Points 5 | . 1 . 1 . . . 1 1 . . . . 1 . . . . . . . . Unreport Threat 3 | . 3 . . . . . . . . . . . . . . . . . . . . Locate Traps 1 | . . . 1 . . . . . . . . . . . . . . . . . . Zone Layout 2 | . 1 . 1 . . . . . . . . . . . . . . . . . . Derelict Proto ID Bank 1 | . . . . . 1 . . . . . . . . . . . . . . . . Fabricator Hacks 2 | . . . . . . . . . . . . . . . 2 . . . . . . Load Schematic 1 | . . . . . . . . . . . . . . . 1 . . . . . . Build 1 | . . . . . . . . . . . . . . . 1 . . . . . . Repair Station Hacks . | . . . . . . . . . . . . . . . . . . . . . . Recycling Unit Hacks . | . . . . . . . . . . . . . . . . . . . . . . Scanalyzer . | . . . . . . . . . . . . . . . . . . . . . . Garrison Access Hacks . | . . . . . . . . . . . . . . . . . . . . . . Unauthorized Hacks 13 | . 6 . 6 . . . . 1 . . . . . . . . . . . . . Terminals 12 | . 6 . 5 . . . . 1 . . . . . . . . . . . . . Botnet 12 | . 6 . 5 . . . . 1 . . . . . . . . . . . . . Fabricators . | . . . . . . . . . . . . . . . . . . . . . . Repair Stations . | . . . . . . . . . . . . . . . . . . . . . . Recycling Units 1 | . . . 1 . . . . . . . . . . . . . . . . . . Mask 1 | . . . 1 . . . . . . . . . . . . . . . . . . Scanalyzers . | . . . . . . . . . . . . . . . . . . . . . . Garrison Access . | . . . . . . . . . . . . . . . . . . . . . . Data Cores Recovered . | . . . . . . . . . . . . . . . . . . . . . . Used . | . . . . . . . . . . . . . . . . . . . . . . Hacking Detections 28 | . 5 1 8 . . . 1 4 . . . . 3 . 1 . . 1 . 1 3 Full Trace Events 8 | . 2 . 1 . . . . 1 . . . . 2 . 1 . . . . . 1 Feedback Events . | . . . . . . . . . . . . . . . . . . . . . . Feedback Blocked . | . . . . . . . . . . . . . . . . . . . . . . Robot Schematics Acquired 7 | . . . . . . . . . . . 7 . . . . . . . . . . Robots Built . | . . . . . . . . . . . . . . . . . . . . . . Authchips . | . . . . . . . . . . . . . . . . . . . . . . Time . | . . . . . . . . . . . . . . . . . . . . . . Total Robot Build Rating . | . . . . . . . . . . . . . . . . . . . . . . Part Schematics Acquired 10 | . . . . . . . . . . . 10 . . . . . . . . . . Parts Built . | . . . . . . . . . . . . . . . . . . . . . . Authchips . | . . . . . . . . . . . . . . . . . . . . . . Time 152 | . . . . . . . . . . . . . . . 152 . . . . . . Total Part Build Rating . | . . . . . . . . . . . . . . . . . . . . . . Parts Repaired . | . . . . . . . . . . . . . . . . . . . . . . Time . | . . . . . . . . . . . . . . . . . . . . . . Parts Recycled . | . . . . . . . . . . . . . . . . . . . . . . Recycled Matter . | . . . . . . . . . . . . . . . . . . . . . . Retrieved Matter . | . . . . . . . . . . . . . . . . . . . . . . Retrieved Components . | . . . . . . . . . . . . . . . . . . . . . . Parts Scanalyzed . | . . . . . . . . . . . . . . . . . . . . . . Part Schematics Acquired . | . . . . . . . . . . . . . . . . . . . . . . Parts Damaged . | . . . . . . . . . . . . . . . . . . . . . . Bothacking | -11 -10 -10 -9 -9 -9 -8 -8 -7 -7 -7 -7 -6 -6 -6 -5 -5 -5 -4 -4 -3 -3 ------------ Run | Yrd Mat Min Mat Min Exi Min Mat Fac Low Low Dat Pro Fac Ext Fac Upp Upp Fac DSF Res Arm Used RIF Installer . | . . . . . . . . . . . . . . . . . . . . . . Robots Hacked . | . . . . . . . . . . . . . . . . . . . . . . Non-combat . | . . . . . . . . . . . . . . . . . . . . . . Combat . | . . . . . . . . . . . . . . . . . . . . . . Robot Hacks Applied . | . . . . . . . . . . . . . . . . . . . . . . Relay Couplers Released . | . . . . . . . . . . . . . . . . . . . . . . Fabnet Peak Effective % . | . . . . . . . . . . . . . . . . . . . . . . Robots Rewired 2 | . . . . . . . . . . . . 1 . 1 . . . . . . . Allies Hacked . | . . . . . . . . . . . . . . . . . . . . . . Hacks Repelled . | . . . . . . . . . . . . . . . . . . . . . . Allies | -11 -10 -10 -9 -9 -9 -8 -8 -7 -7 -7 -7 -6 -6 -6 -5 -5 -5 -4 -4 -3 -3 -------- Run | Yrd Mat Min Mat Min Exi Min Mat Fac Low Low Dat Pro Fac Ext Fac Upp Upp Fac DSF Res Arm Total Allies 5 | . . . . . . . . . . . . 1 . 4 . . . . . . . Largest Group 2 | . . . . . . . . . . . . 1 . 2 . . . . . . . Highest-Rated Group 40 | . . . . . . . . . . . . 29 . 40 . . . . . . . Highest-Rated Ally 31 | . . . . . . . . . . . . 29 . 31 . . . . . . . Total Orders . | . . . . . . . . . . . . . . . . . . . . . . Ally Attacks 21 | . . . . . . . . . . . . 11 . 10 . . . . . . . Total Damage 429 | . . . . . . . . . . . . 154 . 275 . . . . . . . Kills 4 | . . . . . . . . . . . . 3 . 1 . . . . . . . Allies Corrupted . | . . . . . . . . . . . . . . . . . . . . . . Allies Melted . | . . . . . . . . . . . . . . . . . . . . . . Intel | -11 -10 -10 -9 -9 -9 -8 -8 -7 -7 -7 -7 -6 -6 -6 -5 -5 -5 -4 -4 -3 -3 ------- Run | Yrd Mat Min Mat Min Exi Min Mat Fac Low Low Dat Pro Fac Ext Fac Upp Upp Fac DSF Res Arm Robot Analysis Total 2 | . . . 1 . . . . . . . . . . . . . . . . 1 . Derelict Logs Recovered 10 | . . 1 . 1 . . . . 2 3 . 2 . . . 1 . . . . . Drone Launches . | . . . . . . . . . . . . . . . . . . . . . . Drone Recoveries . | . . . . . . . . . . . . . . . . . . . . . . Exploration | -11 -10 -10 -9 -9 -9 -8 -8 -7 -7 -7 -7 -6 -6 -6 -5 -5 -5 -4 -4 -3 -3 ------------- Run | Yrd Mat Min Mat Min Exi Min Mat Fac Low Low Dat Pro Fac Ext Fac Upp Upp Fac DSF Res Arm Turns Passed 6833 | 44 782 208 670 856 214 152 350 517 85 213 19 1059 362 227 313 100 131 3 56 272 200 Spaces Moved 8374 | 37 725 195 468 658 210 125 222 803 328 745 77 1228 779 383 346 215 117 7 84 296 326 Core 673 | 2 . . . . . . . . . . . . . 101 104 . 21 7 67 198 173 Treads . | . . . . . . . . . . . . . . . . . . . . . . Legs 6 | . . . . 6 . . . . . . . . . . . . . . . . . Wheels 3533 | 35 725 195 468 651 210 125 222 139 . . . 729 29 . . . 5 . . . . Hover 203 | . . . . . . . . . . . . . . . 25 77 91 . 10 . . Flight 3959 | . . . . 1 . . . 664 328 745 77 499 750 282 217 138 . . 7 98 153 Fastest Speed 21 | 50 90 90 90 95 95 95 95 25 25 25 25 25 23 22 37 41 50 50 26 24 21 Average Speed 63 | 90 92 90 99 116 95 95 115 43 25 25 25 72 25 33 41 43 110 50 50 75 55 Slowest Speed 330 | 100 100 90 105 330 95 95 125 304 25 25 25 110 100 103 50 125 200 50 70 100 200 Overloaded Moves . | . . . . . . . . . . . . . . . . . . . . . . Propulsion Burnouts . | . . . . . . . . . . . . . . . . . . . . . . Robots Hopped 33 | . . . . . . . . 8 . 5 . . 3 8 2 3 . . . 1 3 Cave-ins Triggered . | . . . . . . . . . . . . . . . . . . . . . . Exploration Rate (%) 49 | 4 94 50 59 99 60 38 24 25 54 85 69 98 24 69 10 40 17 . 78 6 38 Regions Visited 21 Branch Regions 12 Pre-discovered Areas 6 | . . 1 . 1 . . . . 1 2 1 . . . . . . . . . . Known Exits Taken 9 | . 1 . 1 . . . . 1 . . . 1 1 1 1 . . 1 . 1 . Unknown Exits Taken 11 | 1 . 1 . 1 1 1 1 . 1 1 1 . . . . 1 1 . . . . Scrap Searched 15 | . . . . 4 . 1 . . 2 3 . 4 . . . 1 . . . . . Spaces Dug . | . . . . . . . . . . . . . . . . . . . . . . Terrain Destroyed 344 | . 2 . 19 6 . . 1 41 . . . 128 80 67 . . . . . . . Melee . | . . . . . . . . . . . . . . . . . . . . . . Projectile 3 | . 2 . . . . . 1 . . . . . . . . . . . . . . AOE 341 | . . . 19 6 . . . 41 . . . 128 80 67 . . . . . . . Terrain Rammed . | . . . . . . . . . . . . . . . . . . . . . . Walls Destroyed . | . . . . . . . . . . . . . . . . . . . . . . Machines Disabled . | . . . . . . . . . . . . . . . . . . . . . . Actions | -11 -10 -10 -9 -9 -9 -8 -8 -7 -7 -7 -7 -6 -6 -6 -5 -5 -5 -4 -4 -3 -3 --------- Run | Yrd Mat Min Mat Min Exi Min Mat Fac Low Low Dat Pro Fac Ext Fac Upp Upp Fac DSF Res Arm Total 9453 | 44 797 219 577 720 225 150 291 929 330 765 76 1335 916 455 507 217 118 6 92 343 341 Wait 535 | . 20 19 24 32 12 20 37 30 . 20 . 16 89 11 146 6 1 . . 39 13 Move 8291 | 36 724 194 467 657 209 124 221 787 327 734 76 1227 772 368 341 209 116 6 83 293 320 Hop 29 | . . . . . . . . 7 . 5 . . 3 6 2 2 . . . 1 3 Pick Up 101 | 2 13 1 6 2 1 . 7 34 3 6 . 11 10 1 4 . . . . . . Fast Attach 74 | 6 4 . 9 4 . . 3 10 . . . 2 5 4 8 . . . 9 6 4 Attach 28 | . . . 3 . . . . 1 . . . 11 9 2 2 . . . . . . Detach 21 | . . . 2 . . . . 7 . . . 2 4 1 3 . . . . 2 . Swap 28 | . 4 . 4 4 . 1 2 5 . . . 4 1 3 . . . . . . . Drop 68 | . 12 1 12 6 3 1 5 7 . . . 4 9 4 . . 1 . . 2 1 Fire 179 | . 20 4 50 15 . 4 16 11 . . . 38 8 12 1 . . . . . . Melee 19 | . . . . . . . . 12 . . . . 6 1 . . . . . . . Ram 23 | . . . . . . . . . . . . . . 23 . . . . . . . Kick . | . . . . . . . . . . . . . . . . . . . . . . Crush . | . . . . . . . . . . . . . . . . . . . . . . Escape Stasis 33 | . . . . . . . . 18 . . . . . 15 . . . . . . . Rewire 24 | . . . . . . . . . . . . 20 . 4 . . . . . . . Trap . | . . . . . . . . . . . . . . . . . . . . . . Miscellaneous . | . . . . . . . . . . . . . . . . . . . . . . Route ------- -11/Scrapyard -10/Materials (discovered 4 exits: *Mat x3 / *Min) -10/Mines -9/Materials (discovered 2 exits: *Mat / *Min) -9/Mines (discovered 3 exits: *Mat x2 / *Exi) -9/Exiles -8/Mines -8/Materials (discovered 2 exits: *Fac / *Sto) -7/Factory (discovered 2 exits: *Low x2) -7/Lower Caves -7/Lower Caves (discovered 2 exits: *Fac / *Dat) -7/Data Miner -6/Proximity Caves -6/Factory (discovered 5 exits: *Fac / Low x2 / *Ext x2) -6/Extension (discovered 2 exits: *Fac / [*Cet]) -5/Factory -5/Upper Caves -5/Upper Caves -4/Factory -4/DSF -3/Research (discovered 2 exits: *Res / *Arm) -3/Armory (discovered 2 exits: Res x2) History --------- Turn | Location | Event 8 | -11/Scrapyard | Discovered new exit (range 14) 45 | -11/Scrapyard | Entered Materials 110 | -10/Materials | Discovered new exit (range 15) 322 | -10/Materials | Build established: Mutant 339 | -10/Materials | Identified exit to Mines 407 | -10/Materials | Discovered new exit (range 3) 569 | -10/Materials | Discovered new exit (range 4) 827 | -10/Materials | Entered Mines 834 | -10/Mines | Learned location of Storage (-8) 897 | -10/Mines | Found a damaged Exp. Sensor Array with a note attached 900 | -10/Mines | Found Prototype Device 1029 | -10/Mines | Discovered new exit (range 6) 1035 | -10/Mines | Entered Materials 1035 | -9/Materials | Evolved 2 slots: Propulsion x2 1070 | -9/Materials | Identified exit to Mines 1528 | -9/Materials | Discovered new exit (range 7) 1705 | -9/Materials | Entered Mines 1723 | -9/Mines | Discovered new exit (range 10) 1814 | -9/Mines | Learned location of Zion (-6) 1936 | -9/Mines | Assembled infested the area 2173 | -9/Mines | Discovered new exit (range 14) 2248 | -9/Mines | Received a Rocket Launcher from a helpful Derelict 2556 | -9/Mines | Deemed a non-threat by the Exiles lab entrance 2557 | -9/Mines | Discovered new exit (range 5) 2561 | -9/Mines | Entered Exiles 2584 | -9/Exiles | Met 8R-AWN 2601 | -9/Exiles | Met EX-HEX 2628 | -9/Exiles | Met EX-BIN 2638 | -9/Exiles | Aligned with FarCom system 2639 | -9/Exiles | Given EX-Vault access code 2661 | -9/Exiles | Opened EX-Vault 2669 | -9/Exiles | Found Lightpack 2.0 2689 | -9/Exiles | Warned to stay clear of 0b10 Research branches 2718 | -9/Exiles | Met EX-DEC 2762 | -9/Exiles | Discovered new exit (range 14) 2775 | -9/Exiles | Left Exiles lab with Lightpack 2.0 2775 | -9/Exiles | Entered Mines 2902 | -8/Mines | Discovered new exit (range 6) 2927 | -8/Mines | Entered Materials 2927 | -8/Materials | Evolved 2 slots: Utility x2 2998 | -8/Materials | Identified exit to Storage 3104 | -8/Materials | Destroyed 8 combat bots 3183 | -8/Materials | Discovered new exit (range 12) 3277 | -8/Materials | Entered Factory 3277 | -7/Factory | Evolved 2 slots: Propulsion x1, Utility x1 3738 | -7/Factory | Identified exit to Lower Caves 3763 | -7/Factory | Build established: Hauler-Sprinter 3774 | -7/Factory | Destroyed 7 combat bots 3794 | -7/Factory | Entered Lower Caves 3797 | -7/Lower Caves | Learned location of 1 exit from Proximity Caves 3875 | -7/Lower Caves | Discovered new exit (range 9) 3879 | -7/Lower Caves | Entered another Lower Caves area 3902 | -7/Lower Caves | Discovered new exit (range 8) 3974 | -7/Lower Caves | Spotted B-75 Beast 4080 | -7/Lower Caves | Attracted the attention of an 0b10 checkpoint 4087 | -7/Lower Caves | Discovered new exit (range 10) 4092 | -7/Lower Caves | Entered Data Miner 4092 | -7/Data Miner | Discovered new exit (range 6) 4097 | -7/Data Miner | Met Data Miner 4104 | -7/Data Miner | Learned location of Section 7 (-2) 4104 | -7/Data Miner | Acquired the access code to Warlord's prototype stash 4106 | -7/Data Miner | Received God Mode back door access code from Data Miner 4111 | -7/Data Miner | Entered Proximity Caves 4112 | -6/Proximity Caves | Identified exit to Factory 4187 | -6/Proximity Caves | Spotter reported a threat 4220 | -6/Proximity Caves | Attracted the attention of an 0b10 outpost 4288 | -6/Proximity Caves | Destroyed 7 combat bots 4290 | -6/Proximity Caves | Spotter reported a threat 4293 | -6/Proximity Caves | Lost 4 parts (1n1u2w) 4314 | -6/Proximity Caves | Learned Factory trap positions 4320 | -6/Proximity Caves | Spotted B-75 Beast 4340 | -6/Proximity Caves | Attracted the attention of an 0b10 checkpoint 4343 | -6/Proximity Caves | Spotter reported a threat 4376 | -6/Proximity Caves | Lost 3 parts (1p1n1w) 4437 | -6/Proximity Caves | Spotter reported a threat 4593 | -6/Proximity Caves | Learned Factory stockpile data 4632 | -6/Proximity Caves | Build established: Hauler-Mutant 5170 | -6/Proximity Caves | Entered Factory 5170 | -6/Factory | Evolved 2 slots: Power x1, Propulsion x1 5171 | -6/Factory | Loaded intel: 80 trap records 5241 | -6/Factory | Found Prototype Launcher 5241 | -6/Factory | Identified Rocket Array 5243 | -6/Factory | Found Rocket Array 5389 | -6/Factory | Garrison activated, responded to threat 5430 | -6/Factory | Destroyed 9 combat bots 5442 | -6/Factory | Discovered new exit (range 16) 5450 | -6/Factory | Identified exit to Factory 5500 | -6/Factory | Build established: Hauler-Sprinter 5520 | -6/Factory | Search patrols dispatched 5527 | -6/Factory | Identified exit to Lower Caves 5527 | -6/Factory | Identified exit to Extension 5532 | -6/Factory | Entered Extension 5562 | -6/Extension | Rescued a captive Derelict 5613 | -6/Extension | Spotted B-75 Beast 5614 | -6/Extension | Spotted B-75 Beast 5638 | -6/Extension | Rescued a captive Derelict 5639 | -6/Extension | Rescued a captive Derelict 5647 | -6/Extension | Lost 4 parts (4n) 5661 | -6/Extension | Released all parts (5) 5685 | -6/Extension | Core integrity fell below 50% 5701 | -6/Extension | Lost 6 parts (1p4n1u) 5746 | -6/Extension | Core integrity fell below 20% 5752 | -6/Extension | Discovered exit to Factory (range 10) 5753 | -6/Extension | Discovered new exit (range 6) 5759 | -6/Extension | Entered Factory 5759 | -5/Factory | Evolved 2 slots: Weapon x2 5760 | -5/Factory | Identified exit to Upper Caves 5912 | -5/Factory | Build established: Mutant 5916 | -5/Factory | Incoming investigation squad redirected 6072 | -5/Factory | Entered Upper Caves 6077 | -5/Upper Caves | Learned Factory terminal intel 6127 | -5/Upper Caves | Attracted the attention of an 0b10 checkpoint 6148 | -5/Upper Caves | Spotted B-75 Beast 6166 | -5/Upper Caves | Discovered new exit (range 5) 6172 | -5/Upper Caves | Entered another Upper Caves area 6296 | -5/Upper Caves | Core integrity fell below 50% 6300 | -5/Upper Caves | Discovered new exit (range 7) 6303 | -5/Upper Caves | Entered Factory 6303 | -4/Factory | Evolved 2 slots: Power x1, Propulsion x1 6304 | -4/Factory | Loaded intel: 26 terminal locations 6306 | -4/Factory | Identified exit to DSF 6306 | -4/Factory | Entered DSF 6319 | -4/DSF | Additional patrols routed to DSF 6348 | -4/DSF | Discovered new exit (range 15) 6352 | -4/DSF | Lost 4 parts (4n) 6362 | -4/DSF | Entered Research 6362 | -3/Research | Evolved 2 slots: Utility x2 6364 | -3/Research | Discovered new exit (range 7) 6416 | -3/Research | Discovered new exit (range 11) 6563 | -3/Research | Identified exit to Armory 6581 | -3/Research | Identified exit to Research 6634 | -3/Research | Entered Armory 6773 | -3/Armory | Spotted B-86 Titan 6774 | -3/Armory | Lost 5 parts (5n) 6787 | -3/Armory | Core integrity fell below 50% 6800 | -3/Armory | Found Launcher Loader 6801 | -3/Armory | Core integrity fell below 20% 6812 | -3/Armory | Lost 3 parts (3n) 6834 | -3/Armory | Destroyed by G-67 Veteran with Field Laser Last Messages --------------- 06806_ O-24 Administrator: "IFF HANDSHAKE FAILED. SECURING TERMINAL." 06808_ Connecting with Terminal... >>Access(Main) Found 2 level access points to Research: (102,47) (17,42) Map updated. 06810_ P-80 Master resets G-67 Veteran, system corruption cleaned. 06810_ O-24 Administrator uses terminal to summon reinforcements. 06810_ ALERT: Hostiles spotted, dispatching reinforcements to Terminal A013. 06810_ O-24 Administrator locks terminal. 06815_ Triggered Blade Trap. 06815_ Massive razor-sharp blades shoot up from within the floor. 06815_ Adv. Signal Interpreter severed. 06834_ G-67 Veteran springs to life. Map ----- +----------------------------------------------------+ | # # """ | | # " """ ####+######### | | # [[ ## #????????????# | | # [[??# ####" ## #????????????# | | # [???# #??#"T## #????????????#### | | #?????# #??##### "F"" #???????????????### | | ??????# #??????# """" #?????????????????? | | ?????##/#####??# #?????????????????? | | ?????# #??# #?????????????????? | | ?????# #??# ##########?????????????????? | | ?????# !! #??# g #??????????????????????????? | | ?????# !! #??# #??????????????????????????? | | ?????# !! !#??# g#??????????????????????????? | | ?????# #??# g#??????????????????????????? | | ?????####/###### #######????????????????????? | | ????????# l p p +????????????????????? | | ????????# ####+######### #????????????????????? | | ????????# #?? ???????#s#????????????????????? | | ????????# #??"""???????# #????????????????????? | | ????????# #? """ ??????# #????????????????????? | | ????????# #? """ ?????##s##???????????????????? | | ????????# # ????#*s #######?????????????? | | ????????# ########????# s] e#???????????? | | ????????? ?????Y??????# #### e#???????????? | | ?????????g??????????####+###?????e#???????????? | | ??????ss? ??????????# @ #??????????????????? | | ??????ss?g??????????# " " #??????????????????? | | ?????????g???????